 Dungeon Crawl Stone Soup version 0.28-a0-422-gd71735cc25 (webtiles) character file.

Game seed: 2505507243256665710

1575 porpoise the Vexing (level 8, -1/46 HPs)
             Began as a Deep Elf Conjurer on Sept 9, 2021.
             Killed from afar by a gnoll sergeant (4 damage)
             ... with an iceblast
             ... on level 6 of the Dungeon.
             The game lasted 00:29:14 (8240 turns).

porpoise the Vexing (Deep Elf Conjurer)             Turns: 8240, Time: 00:29:14

Health: -1/46      AC:  4    Str:  4    XL:     8   Next: 60%
Magic:  13/20      EV: 13    Int: 26    God:
Gold:   147        SH:  0    Dex: 19    Spells: 10/21 levels left

rFire   + . .      SeeInvis .   b - +0 hunting sling
rCold   + . .      Faith    .   (no shield)
rNeg    + . .      Spirit   .   x - +2 robe {Will+}
rPois   .          Reflect  .   (no helmet)
rElec   .          Harm     .   h - scarf {rC+ rF+}
rCorr   .          Rampage  .   (no gloves)
Will    +....                   (no boots)
Stlth   ++........              (no amulet)
HPRegen 0.15/turn               A - ring of positive energy
MPRegen 0.17/turn               D - +6 ring of dexterity

@: no status effects
A: no striking features
a: no special abilities


You were on level 6 of the Dungeon.
You visited 1 branch of the dungeon, and saw 6 of its levels.

You collected 267 gold pieces.
You spent 120 gold pieces at shops.

Inventory:

Hand Weapons
 a - a +5 mace
 b - a +0 hunting sling (weapon)
Missiles
 d - 105 stones (quivered ammo)
 s - 16 poisoned darts
 E - 43 bolts
Armour
 g - a +1 cloak
 h - a scarf of resistance (worn)
 x - a +2 robe of willpower (worn)
Jewellery
 y - a ring of see invisible
 A - a ring of positive energy (left hand)
 D - a +6 ring of dexterity (right hand)
Wands
 c - a wand of polymorph (15)
 w - a wand of paralysis (4)
Scrolls
 e - a scroll of immolation {unknown}
 f - a scroll of amnesia {unknown}
 j - a scroll of fog
 l - a scroll of fear {unknown}
 m - a scroll of magic mapping {unknown}
 n - 2 scrolls of enchant weapon {unknown}
 o - 2 scrolls of teleportation
 p - a scroll of brand weapon {unknown}
 t - a scroll of summoning {unknown}
Potions
 i - 5 potions of curing
 k - 2 potions of lignification
 q - a potion of resistance
 r - a potion of attraction
 u - a potion of berserk rage
 v - 2 potions of haste
 z - a potion of cancellation
 B - 2 potions of invisibility
 C - a potion of heal wounds


   Skills:
 - Level 3.0 Fighting
 + Level 2.7 Dodging
 - Level 2.4 Stealth
 - Level 7.0 Spellcasting
 - Level 7.0 Conjurations
 - Level 7.0 Hexes
 + Level 5.1 Translocations


You had 10 spell levels left.
You knew the following spells:

 Your Spells              Type           Power      Damage    Failure   Level
a - Magic Dart            Conj           100%       1d8       1%          1
b - Searing Ray           Conj           90%        2d7       1%          2
c - Fulminant Prism       Conj/Hex       22%        3d13      3%          4
d - Iskenderun's Mystic   Conj/Tloc      40%        2d9       5%          4

Your spell library contained the following spells:

 Spells                   Type           Power      Damage    Failure   Level
 Foxfire                  Conj/Fire      100%       2x1d9     1%          1
 Dazzling Flash           Conj/Hex       90%        N/A       1%          3
 Conjure Flame            Conj/Fire      27%        6-21      4%          3
 Inner Flame              Hex/Fire       27%        N/A       4%          3
 Scorch                   Fire           18%        2d6       10%         2
 Flame Wave               Conj/Fire      27%        3d6       14%         4
 Summon Cactus Giant      Summ           4%         N/A       100%        6


Dungeon Overview and Level Annotations

Branches:
Dungeon (6/15)
 Temple: D:4-7

Altars:
Cheibriados
Dithmenos
Okawaru
Xom
The Shining One

Shops:
D:1 *[*   D:3 [


Message History

d - 107 stones (gained 1)
The gnoll sergeant shouts!
You shoot a stone.
The stone hits the gnoll sergeant but does no damage.
You shoot a stone.
The stone hits the gnoll sergeant but does no damage.
Casting: Searing Ray (safe; 1% risk of failure)
Confirm with . or Enter, or press ? or * to list all spells.
Aiming: Searing Ray (safe; 1% risk of failure)
Press: ? - help, Shift-Dir - straight line, f/p - gnoll sergeant
Aim: a gnoll sergeant, wielding a +2 vorpal spear, wearing a +0 ring mail, wearing a +0 buckler and carrying a wand of iceblast (6) (87% to hit)
The searing ray hits the gnoll sergeant but does no damage. (Press . to maintain the ray.)
The searing ray hits the gnoll sergeant.
The gnoll sergeant is lightly wounded.
The gnoll sergeant zaps a wand.
The mass of ice explodes!
The iceblast engulfs you! You partially resist.
You hear a bark!
The searing ray hits the gnoll sergeant!
The gnoll sergeant is moderately wounded.
The gnoll sergeant hits you from afar with a +2 vorpal spear.
The searing ray hits the gnoll sergeant!
The gnoll sergeant is severely wounded.
You finish channelling your searing ray.
The gnoll sergeant hits you from afar with a +2 vorpal spear!
Casting: Searing Ray (safe; 1% risk of failure)
Confirm with . or Enter, or press ? or * to list all spells.
Aiming: Searing Ray (safe; 1% risk of failure)
Press: ? - help, Shift-Dir - straight line, f/p - gnoll sergeant
Aim: a gnoll sergeant, wielding a +2 vorpal spear, wearing a +0 ring mail, wearing a +0 buckler and carrying a wand of iceblast (5) (severely wounded, 87% to hit)
The searing ray hits the gnoll sergeant.
The gnoll sergeant is almost dead. (Press . to maintain the ray.)
The gnoll sergeant hits you from afar with a +2 vorpal spear!
* * * LOW HITPOINT WARNING * * *
x2 The searing ray hits the gnoll sergeant but does no damage.
The gnoll sergeant is almost dead.
The gnoll sergeant zaps a wand.
The mass of ice explodes!
The iceblast engulfs you. You partially resist.
You die...

$ .......Z...####..........#..
....##...h...........)..#..#..
#.[..##..g..##..........##.#..
##.........####....)....##...#
#........g##..##..)......##...
..........##..##.....###.##...
#..........#''#........#......
#......##........##.........#.
≈.....# ##...@..####.......###
≈≈##.##..'...((.'..##.......>.
≈♣ .. #..'.(..g.'..##.......##
####......####..........
#........##....#......
....#''#.(.....## ....<
....##..##(......#...... ....
#..##..#........... ##..gg..#
...#


You could see a gnoll sergeant.

Vanquished Creatures
  Grinder (D:3)
  A water moccasin (D:6)
  A necrophage (D:4)
  A phantom (D:5)
  A gnoll sergeant (D:6)
  3 scorpions
  3 wights (D:5)
  A centaur zombie (D:5)
  A gnoll shaman (D:5)
  4 hounds
  Crazy Yiuf (D:4)
  A bullfrog skeleton (D:5)
  An orc priest (D:5)
  3 iguanas
  2 centaur skeletons
  3 orc wizards
  A scorpion zombie (D:5)
  11 gnolls
  4 adders
  An ufetubus (D:4)
  4 worms
  A dart slug (D:3)
  15 orcs
  6 endoplasms
  5 giant cockroaches
  10 goblins
  7 hobgoblins
  8 jackals
  5 quokkas
  4 ball pythons
  3 bats
  2 frilled lizards
  11 kobolds
  2 rats (D:1)
  A bush (D:1)
129 creatures vanquished.

Vanquished Creatures (others)
  3 plants
3 creatures vanquished.

Grand Total: 132 creatures vanquished

Notes
Turn   | Place    | Note
-------+----------+-------------------------------------------
     0 | D:1      | porpoise the Deep Elf Conjurer began the quest for the Orb.
     0 | D:1      | Reached XP level 1. HP: 10/10 MP: 6/6
   151 | D:1      | Found Ihalep's Armour Shoppe.
   253 | D:1      | Found Rameem's Assorted Antiques.
   289 | D:1      | Reached XP level 2. HP: 15/15 MP: 6/8
   340 | D:1      | Learned a level 2 spell: Searing Ray
   487 | D:1      | Found Hainn's General Store.
   960 | D:2      | Found a faded altar of an unknown god.
  1260 | D:2      | Reached skill level 5 in Conjurations
  1260 | D:2      | Reached XP level 3. HP: 19/19 MP: 4/10
  1992 | D:3      | Found Boteut's Antique Armour Boutique.
  2009 | D:2      | Reached skill level 5 in Spellcasting
  2061 | D:3      | Reached XP level 4. HP: 20/24 MP: 1/13
  2175 | D:2      | Learned a level 4 spell: Fulminant Prism
  2180 | D:2      | Learned a level 4 spell: Iskenderun's Mystic Blast
  2322 | D:1      | Bought a scroll labelled NYUJUSEEBUR for 18 gold pieces
  2322 | D:1      | Bought a scroll labelled ZUDGHO SAICADIO for 18 gold pieces
  2322 | D:1      | Bought a scroll labelled EPATOU BEKKITWIEZ for 18 gold
                  | pieces
  2518 | D:3      | Reached skill level 1 in Hexes
  2551 | D:3      | Reached skill level 1 in Translocations
  2642 | D:3      | Noticed Grinder
  2647 | D:3      | Paralysed by Grinder for 2 turns
  2649 | D:3      | Killed Grinder
  2650 | D:3      | Reached XP level 5. HP: 17/28 MP: 5/14
  2650 | D:3      | Reached XP level 6. HP: 19/32 MP: 5/15
  3232 | D:3      | You fall into a shaft and drop 3 floors!
  3242 | D:5      | Entered Level 5 of the Dungeon
  3381 | D:5      | Reached skill level 5 in Hexes
  3569 | D:5      | Reached XP level 7. HP: 36/36 MP: 10/16
  3799 | D:5      | Reached skill level 5 in Translocations
  4721 | D:1      | Bought an embroidered robe for 66 gold pieces
  5164 | D:3      | Found a glowing golden altar of the Shining One.
  5213 | D:4      | Found a snail-covered altar of Cheibriados.
  5499 | D:4      | Found a shimmering altar of Xom.
  5533 | D:4      | Found a glowing golden altar of the Shining One.
  5533 | D:4      | Found a shimmering altar of Xom.
  5535 | D:4      | Found a shadowy altar of Dithmenos.
  5535 | D:4      | Found a shimmering altar of Xom.
  5535 | D:4      | Found an iron altar of Okawaru.
  5642 | D:4      | Found a runed translucent door.
  5643 | D:4      | Noticed Crazy Yiuf
  5649 | D:4      | Killed Crazy Yiuf
  5971 | D:4      | Reached XP level 8. HP: 41/41 MP: 9/20
  6572 | D:5      | Reached skill level 1 in Fighting
  8240 | D:6      | Killed from afar by a gnoll sergeant

Illustrated notes

Levels and vault maps discovered:
D:1:      dpeg_chamrin_arrival_tetris, layout_loops_ring, serial_forest,
          infiniplex_forest_join, infiniplex_forest_lined_2,
          infiniplex_forest_lined_2, infiniplex_forest_clump_C,
          infiniplex_forest_zigzag_1, infiniplex_forest_lined_2,
          infiniplex_forest_straight_3, infiniplex_forest_fountain,
          serial_shops, shop_fountains, shop, nicolae_diamond_shop
D:2:      layout_loops_ring, chequers_ecumenical_altar_simple_redux
D:3:      layout_basic, tso_altar, serial_shops, nicolae_shop_stone,
          uniq_grinder
D:4:      layout_rooms, doesnt_xom_only_xom,
          mainiacjoe_overflow_surrounded_room, kennysheep_small_circle,
          uniq_crazy_yiuf_cottage
D:5:      layout_layer_cave, kennysheep_generic_room_2
D:6:      layout_cave_pools, minmay_temple_entry_nine_rooms, serial_gnoll_camp,
          gnoll_camp_huts_basic, gnoll_camp_mini_doghouse,
          gnoll_camp_mini_basic, gnoll_camp_mini_shop, gnoll_camp_mini_hut,
          minmay_strange_pillars, serial_bayou_pond_e

Skill      XL: |  1  2  3  4  5  6  7  8 |
---------------+-------------------------+-----
Spellcasting   | 4 5 6 7 |  7.0
Conjurations   | 5 7 |  7.0
Hexes          | 4 5 7 |  7.0
Translocations | 3 4 5 |  5.1
Fighting       | 3 |  3.0
Dodging        | |  2.7
Stealth        | |  2.4

Action                   |  1- 3 |  4- 6 |  7- 9 || total
-------------------------+-------+-------+-------++-------
Melee: Short sword       |       |       |   174 ||   174
 Fire: Hunting sling     |    27 |    26 |    67 ||   120
Throw: Dart              |       |       |     2 ||     2
 Cast: Magic Dart        |    20 |     5 |     3 ||    28
       Searing Ray       |    18 |    29 |    63 ||   110
       Iskenderun's Myst |       |       |    11 ||    11
  Use: Scroll            |     2 |     3 |     6 ||    11
Armor: Robe              |     5 |     1 |    10 ||    16
Dodge: Dodged            |    22 |     8 |    28 ||    58

Table legend: (Time is in decaauts)
 A = Elapsed time spent in this place.
 B = Non-inter-level travel time spent in this place.
 C = Inter-level travel time spent in this place.
 D = Time resting spent in this place.
 E = Time spent auto-exploring this place.
 F = Levels seen in this place.
 G = Mean time per level.
                   A        B        C        D        E       F      G
               +--------+--------+--------+--------+--------+-----+--------+
         Total |   8285 |   7966 |    319 |   3536 |   2872 |   6 | 1380.8 |
       Dungeon |   8285 |   7966 |    319 |   3536 |   2872 |   6 | 1380.8 |
               +--------+--------+--------+--------+--------+-----+--------+

Top non-repeatable levels by time:
     D:5: 2504 daAuts
     D:2: 1307 daAuts
     D:1: 1302 daAuts
     D:3: 1200 daAuts
     D:4: 1072 daAuts
     D:6: 898 daAuts
